 Dungeon Crawl Stone Soup version 0.21-a0-404-g291f19a (webtiles) character file.

203 Dorkslayer the Shield-Bearer (level 5, -2/47 HPs)
             Began as a Gnoll Fighter on Oct 28, 2017.
             Slain by an ogre
             ... wielding a +0 giant spiked club
              (20 damage)
             ... on level 3 of the Dungeon.
             The game lasted 00:07:15 (1838 turns).

Dorkslayer the Shield-Bearer (Gnoll Fighter)        Turns: 1838, Time: 00:07:16

Health: -2/47      AC:  9    Str: 19    XL:     5   Next: 81%
Magic:  7/7        EV:  9    Int: 11    God:
Gold:   153        SH: 10    Dex: 14    Spells: 7/7 levels left

rFire    . . .     SeeInvis .   a - +0 war axe
rCold    . . .     Gourm    .   c - +0 shield
rNeg     . . .     Faith    .   b - +0 scale mail
rPois    .         Spirit   .   (no helmet)
rElec    .         Reflect  .   r - +0 cloak
rCorr    .         Harm     .   (no gloves)
MR       .....                  (no boots)
Stlth    ..........             (no amulet)
HPRegen  0.15/turn              (no ring)
MPRegen  0.10/turn              (no ring)

@: no status effects
A: distributed training, fangs 1, strong nose
a: no special abilities


You were on level 3 of the Dungeon.
You were not hungry.

You visited 1 branch of the dungeon, and saw 3 of its levels.

You collected 153 gold pieces.

Inventory:

Hand Weapons
 a - a +0 war axe (weapon)
Armour
 b - a +0 scale mail (worn)
 c - a +0 shield (worn)
 r - a +0 cloak (worn)
Wands
 q - a wand of confusion (29/48)
Scrolls
 h - a scroll of remove curse
 l - a scroll of magic mapping {unknown}
 m - a scroll of blinking {unknown}
 n - a scroll of noise {unknown}
 s - a scroll of recharging
 u - a scroll of fog {unknown}
 v - a scroll of random uselessness {unknown}
 w - a scroll of teleportation {unknown}
Potions
 d - a potion of might
 e - 4 potions of brilliance
 i - a potion of curing
 j - 2 potions of haste
 o - a potion of flight {unknown}
 t - a potion of mutation {unknown}
Comestibles
 f - a bread ration
 g - 16 chunks of flesh
 k - 3 royal jellies
 p - 3 fruits
 x - a meat ration


   Skills:
 + Level 6.7 Fighting
 + Level 1.6 Short Blades
 + Level 1.6 Long Blades
 + Level 4.8 Axes
 + Level 1.6 Maces & Flails
 + Level 1.6 Polearms
 + Level 1.6 Staves
 + Level 1.6 Slings
 + Level 1.6 Bows
 + Level 1.6 Crossbows
 + Level 1.6 Throwing
 + Level 6.7 Armour
 + Level 1.6 Dodging
 + Level 1.6 Stealth
 + Level 6.7 Shields
 + Level 1.6 Unarmed Combat
 + Level 1.6 Spellcasting
 + Level 1.2 Conjurations
 + Level 1.2 Hexes
 + Level 1.2 Charms
 + Level 1.2 Summonings
 + Level 1.2 Necromancy
 + Level 1.2 Translocations
 + Level 1.2 Transmutations
 + Level 1.2 Fire Magic
 + Level 1.2 Ice Magic
 + Level 1.2 Air Magic
 + Level 1.2 Earth Magic
 + Level 1.2 Poison Magic
 + Level 1.8 Invocations
 + Level 1.6 Evocations


You had 7 spell levels left.
You didn't know any spells.

Dungeon Overview and Level Annotations

Branches:
Dungeon (3/15)

Altars:
Fedhas


Innate Abilities, Weirdness & Mutations

Your experience applies equally to all skills.
You have very sharp teeth.
Your uncanny sense of smell can sniff out nearby items.


Message History

You slash Natasha!
You kill Natasha!
You feel Natasha's spirit has finally been put to rest.
e - 4 potions of brilliance (gained 1)
You see here the felid corpse of Natasha.
You see here the felid corpse of Natasha.
You butcher the felid corpse of Natasha.
g - 16 chunks of flesh (gained 1)
You see here the felid skeleton of Natasha.
x - a meat ration An ogre comes into view.
It is wielding a giant spiked club.
The ogre shouts!
The ogre closely misses you.
You slash the ogre!
The ogre is moderately wounded.
The ogre hits you with a giant spiked club!
You hit the ogre but do no damage.
The ogre is moderately wounded.
The ogre hits you with a giant spiked club!!
You die...

#..............#
...............#
...............###
.................#####
.....................##.
..).....................
........................
.#....................#
.#..............@.....#
.#...............O....#
########................
#................
#.############### ♣ #.#
♣♣♣ #.# ..♣♣ ### ._.♣


You could see an ogre.

Vanquished Creatures
  Terence (D:2)
  Natasha (thrice) (D:3)
  4 adders
  An ooze (D:2)
  2 worms (D:2)
  2 dart slugs
  2 leopard geckos
  2 orcs (D:3)
  6 bats
  3 giant cockroaches
  3 goblins
  7 hobgoblins
  4 jackals (D:1)
  4 frilled lizards
  7 kobolds
  4 rats
55 creatures vanquished.

Notes
Turn   | Place    | Note
-------+----------+-------------------------------------------
     0 | D:1      | Dorkslayer the Gnoll Fighter began the quest for the Orb.
     0 | D:1      | Reached XP level 1. HP: 23/23 MP: 1/1
   125 | D:1      | Reached XP level 2. HP: 29/29 MP: 2/2
  1145 | D:2      | Reached XP level 3. HP: 33/35 MP: 3/3
  1200 | D:2      | Noticed Terence
  1214 | D:2      | Killed Terence
  1214 | D:2      | Reached skill level 1 in Short Blades
  1214 | D:2      | Reached skill level 1 in Long Blades
  1214 | D:2      | Reached skill level 1 in Maces & Flails
  1214 | D:2      | Reached skill level 1 in Polearms
  1214 | D:2      | Reached skill level 1 in Staves
  1214 | D:2      | Reached skill level 1 in Slings
  1214 | D:2      | Reached skill level 1 in Bows
  1214 | D:2      | Reached skill level 1 in Crossbows
  1214 | D:2      | Reached skill level 1 in Throwing
  1214 | D:2      | Reached skill level 1 in Dodging
  1214 | D:2      | Reached skill level 1 in Stealth
  1214 | D:2      | Reached skill level 1 in Unarmed Combat
  1214 | D:2      | Reached skill level 1 in Spellcasting
  1214 | D:2      | Reached skill level 1 in Invocations
  1214 | D:2      | Reached skill level 1 in Evocations
  1231 | D:2      | Reached XP level 4. HP: 31/41 MP: 5/5
  1492 | D:2      | Reached skill level 1 in Conjurations
  1492 | D:2      | Reached skill level 1 in Hexes
  1492 | D:2      | Reached skill level 1 in Charms
  1492 | D:2      | Reached skill level 1 in Summonings
  1492 | D:2      | Reached skill level 1 in Necromancy
  1492 | D:2      | Reached skill level 1 in Translocations
  1492 | D:2      | Reached skill level 1 in Transmutations
  1492 | D:2      | Reached skill level 1 in Fire Magic
  1492 | D:2      | Reached skill level 1 in Ice Magic
  1492 | D:2      | Reached skill level 1 in Air Magic
  1492 | D:2      | Reached skill level 1 in Earth Magic
  1492 | D:2      | Reached skill level 1 in Poison Magic
  1663 | D:3      | Noticed Natasha
  1669 | D:3      | Killed Natasha
  1669 | D:3      | Reached XP level 5. HP: 42/47 MP: 5/7
  1679 | D:3      | Noticed Natasha
  1692 | D:3      | Killed Natasha
  1738 | D:3      | Found a blossoming altar of Fedhas.
  1776 | D:3      | Noticed Natasha
  1795 | D:3      | Killed Natasha
  1833 | D:3      | Noticed an ogre
  1838 | D:3      | Slain by an ogre

Vault maps used:
D:1:      evilmike_arrival_home_sweet_home
D:2:      st_stairs_14, feat_on_display, uniq_terence
D:3:      grunt_temple_overflow_order_and_chaos_1, fedhas_altar_4,
          minmay_overflow_temple_star_hex, first_bread, uniq_natasha

Skill      XL: |  1  2  3  4 |
---------------+-------------+-----
Short Blades   | 1 |  1.6
Long Blades    | 1 |  1.6
Maces & Flails | 1 |  1.6
Polearms       | 1 |  1.6
Staves         | 1 |  1.6
Slings         | 1 |  1.6
Bows           | 1 |  1.6
Crossbows      | 1 |  1.6
Throwing       | 1 |  1.6
Dodging        | 1 |  1.6
Stealth        | 1 |  1.6
Unarmed Combat | 1 |  1.6
Spellcasting   | 1 |  1.6
Invocations    | 1 |  1.8
Evocations     | 1 |  1.6
Conjurations   | 1 |  1.2
Hexes          | 1 |  1.2
Charms         | 1 |  1.2
Summonings     | 1 |  1.2
Necromancy     | 1 |  1.2
Translocations | 1 |  1.2
Transmutations | 1 |  1.2
Fire Magic     | 1 |  1.2
Ice Magic      | 1 |  1.2
Air Magic      | 1 |  1.2
Earth Magic    | 1 |  1.2
Poison Magic   | 1 |  1.2
Fighting       | |  6.7
Axes           | |  4.8
Armour         | |  6.7
Shields        | |  6.7

Action                   |  1- 3 |  4- 6 || total
-------------------------+-------+-------++-------
Melee: War axe           |    65 |    76 ||   141
       Bite              |     5 |     5 ||    10
Evoke: Wand              |       |     8 ||     8
  Use: Scroll            |       |     5 ||     5
       Potion            |       |     1 ||     1
 Stab: Confused          |       |     1 ||     1
  Eat: Chunk             |     1 |     2 ||     3
Armor: Scale mail        |    17 |    32 ||    49
Dodge: Dodged            |    21 |    17 ||    38
Block: Shield            |    32 |    37 ||    69

Table legend:
 A = Spawn XP
 B = Non-spawn XP
 C = Spawn XP percentage of total XP
 D = Spawn monster count
 E = Non-spawn monster count
 F = Spawn count percentage of total count
 G = Total turns spent on level
                    A         B        C        D         E        F      G
               +---------+---------+-------+---------+---------+-------+---------
         Total |       0 |     290 |   0.0 |       0 |      55 |   0.0 |  1838
               +---------+---------+-------+---------+---------+-------+---------
           D:1 |       0 |      31 |   0.0 |       0 |      20 |   0.0 |  1115
           D:2 |       0 |     106 |   0.0 |       0 |      20 |   0.0 |   439
           D:3 |       0 |     153 |   0.0 |       0 |      15 |   0.0 |   284
               +---------+---------+-------+---------+---------+-------+---------
